 Dungeon Crawl Stone Soup version 0.29.1-15-g9cfb28693d (webtiles) character file.

Game seed: 2688550042815609958

14657 Eitelfritz the Carver (level 11, -1/89 HPs)
             Began as a Minotaur Gladiator on Apr 29, 2023.
             Was an Elder of Hepliaklqana.
             Slain by a meliai
             ... wielding a +0 hand axe
              (4 damage)
             ... on level 12 of the Dungeon.
             The game lasted 00:36:27 (12437 turns).

Eitelfritz the Carver (Minotaur Gladiator)         Turns: 12437, Time: 00:36:28

Health: -1/89      AC: 13    Str: 27    XL:     11   Next: 91%
Magic:  13/13      EV: 19    Int:  7    God:    Hepliaklqana [****..]
Gold:   1095       SH:  0    Dex: 12    Spells: 10/10 levels left

rFire   . . .      SeeInvis .   a - +1 scimitar
rCold   . . .      Faith    .   (no shield)
rNeg    . . .      Spirit   .   d - +2 troll leather armour
rPois   .          Reflect  .   c - +2 hat
rElec   .          Harm     .   E - +0 cloak
rCorr   .          Rampage  .   t - +2 pair of gloves
Will    .....                   (no boots)
Stlth   ++........              j - amulet of regeneration
HPRegen 1.84/turn               x - +4 ring of evasion
MPRegen 0.13/turn               I - +6 ring of strength

@: studying Long Blades
A: reduced essence, horns 2, retaliatory headbutt
a: Renounce Religion, Recall Ancestor, Ancestor Identity, Transference, Idealise


You were on level 12 of the Dungeon.
You worshipped Hepliaklqana.
Hepliaklqana was greatly pleased with you.
You visited 2 branches of the dungeon, and saw 13 of its levels.

You collected 2922 gold pieces.
You spent 1827 gold pieces at shops.

Inventory:

Hand Weapons
 a - a +1 scimitar (weapon)
 b - a +0 shortbow
 D - a +0 flail
 H - a +0 broad axe
 P - a +0 long sword
Missiles
 e - a javelin (quivered)
 p - 13 boomerangs
Armour
 c - a +2 hat (worn)
 d - a +2 troll leather armour (worn)
 t - a +2 pair of gloves (worn)
 A - the +4 leather armour "Durpher" {rElec rC+ rN++ Dex-2}
   (You bought it in a shop on level 4 of the Dungeon)

   Dex:       It affects your dexterity (-2).
   rC:        It protects you from cold.
   rElec:     It insulates you from electricity.
   rN:        It greatly protects you from negative energy.
 E - a +0 cloak (worn)
 Q - +0 swamp dragon scales
 Z - the +3 hat of Pondering {ponderous, Will+ MP+10 Int+5}
   (You took it off Gastronok on level 11 of the Dungeon)

   Int:       It affects your intelligence (+5).
   MP:        It affects your magic capacity (+10).
   Will:      It increases your willpower.
Jewellery
 j - an amulet of regeneration (around neck)
 q - a ring of protection from cold
 x - a +4 ring of evasion (left hand)
 I - a +6 ring of strength (right hand)
 O - a ring of flight
 Y - a ring of positive energy
Wands
 n - a wand of flame (13)
 F - a wand of paralysis (1)
 M - a wand of mindburst (6)
 R - a wand of quicksilver (7)
 T - a wand of digging (13)
 V - a wand of iceblast (5)
 W - a wand of polymorph (3)
Scrolls
 f - 2 scrolls of amnesia
 l - 5 scrolls of teleportation
 m - 3 scrolls of identify
 o - 2 scrolls of magic mapping
 s - a scroll of silence
 y - a scroll of blinking
 L - 3 scrolls of immolation
 N - a scroll of fog
Potions
 g - 2 potions of ambrosia
 h - a potion of invisibility
 i - 3 potions of curing
 k - 3 potions of haste
 r - 2 potions of attraction
 u - 2 potions of mutation
 v - 2 potions of berserk rage
 z - a potion of lignification
 B - 5 potions of magic
 C - 3 potions of brilliance
 G - 2 potions of resistance
 S - a potion of might
 U - a potion of cancellation


   Skills:
 + Level 10.0 Fighting
 + Level 14.3 Long Blades
 + Level 7.6 Ranged Weapons
 + Level 3.7 Throwing
 + Level 6.9 Armour
 + Level 8.1 Dodging
 + Level 4.8 Stealth
 * Level 4.0 Invocations


You had 10 spell levels left.
You didn't know any spells.
Your spell library contained the following spells:

 Spells                   Type           Power      Damage    Failure   Level
 Magic Dart               Conj           0%         1d3       45%         1
 Necrotise                Necr           0%         1d4       45%         1
 Shock                    Conj/Air       0%         1d3       45%         1
 Searing Ray              Conj           0%         2d4       61%         2
 Swiftness                Air            0%         N/A       83%         3
 Tukima's Dance           Hex            0%         N/A       83%         3
 Vampiric Draining        Necr           0%         2d6       83%         3
 Airstrike                Air            0%         2d(0-16)  99%         4
 Fulminant Prism          Conj/Hex       0%         3d6       99%         4
 Passage of Golubria      Tloc           0%         N/A       99%         4
 Summon Lightning Spire   Summ/Air       0%         N/A       99%         4
 Agony                    Necr           0%         N/A       100%        5
 Fireball                 Conj/Fire      0%         3d3       100%        5
 Iskenderun's Battlesphe  Conj           0%         2d6       100%        5
 Lightning Bolt           Conj/Air       0%         1d11      100%        5
 Yara's Violent Unravell  Hex/Tmut       0%         3d3       100%        5
 Iron Shot                Conj/Erth      0%         9d1       100%        6
 Starburst                Conj/Fire      0%         6d3       100%        6
 Spellforged Servitor     Conj/Summ      0%         N/A       100%        7
 Ignition                 Fire           0%         3d3       100%        8


Dungeon Overview and Level Annotations

Branches:
Dungeon (12/15)            Temple (1/1) D:5            Lair (0/5) D:11
    Orc (0/2) D:10

Altars:
Ashenzari
Cheibriados
Dithmenos
Elyvilon
Fedhas
Gozag
Hepliaklqana
Kikubaaqudgha
Makhleb
Nemelex Xobeh
Okawaru
Qazlal
Ru
Sif Muna
Trog
Uskayaw
Vehumet
Wu Jian
Xom
Yredelemnul
Zin
The Shining One

Shops:
D:4 [   D:6 *   D:11 :


Innate Abilities, Weirdness & Mutations

Your life essence is reduced to manifest your ancestor. (-10% HP)
You have a pair of horns on your head.
You reflexively headbutt those who attack you in melee.


Message History

The meliai poisons you! The meliai closely misses you.
The meliai completely misses you. The meliai barely misses you.
The meliai closely misses you.
You hit the meliai but do no damage.
You headbutt the meliai, but do no damage.
You feel very sick. The meliai closely misses you. You furiously retaliate!
You headbutt the meliai, but do no damage.
The meliai stings you!
You are more poisoned.
The meliai poisons you! The meliai hits you but does no damage.
The meliai barely misses you.
You slash the meliai!
The meliai is moderately wounded.
You feel very sick.
The meliai barely misses you. x2; The meliai misses you.
The meliai closely misses you. The meliai barely misses you.
The meliai misses you.
The meliai calls down the wrath of its god upon you.
Something smites you!
You barely miss the meliai. You headbutt the meliai!
The meliai is severely wounded.
You feel very sick.
The meliai mumbles some strange prayers to its god against you.
Something smites you!
* * * LOW HITPOINT WARNING * * *
The meliai calls down the wrath of its god upon you.
Something smites you!
* * * LOW HITPOINT WARNING * * *
You feel better. The meliai completely misses you. The meliai stings you!
* * * LOW HITPOINT WARNING * * *
The meliai closely misses you. The meliai misses you.
The meliai completely misses you. You furiously retaliate!
You headbutt the meliai, but do no damage.
The meliai barely misses you.
A cyclops comes into view.
The meliai hits you with a +0 hand axe!
* * * LOW HITPOINT WARNING * * *
The meliai stings you.
You die...

..[C...
.......
.......
.......
.......
.......
......y######
......y@R...#
######.####.#
#. #.# #.
#.#### #.
#...<# ..
###### ##


You could see the friendly Osbert the hexer, a cyclops and 2 meliai.

Vanquished Creatures
  Gastronok (D:11)
  A two-headed ogre (D:11)
  Amaemon (D:8)
  An ugly thing (D:11)
  A manticore (D:11)
  An orange demon (D:8)
  A gargoyle (D:6)
  A komodo dragon (D:10)
  A troll (D:10)
  A meliai (D:12)
  Prince Ribbit (D:8)
  13 yaks
  Sigmund (D:5)
  3 shadows (D:10)
  2 wyverns
  A water elemental (D:11)
  3 wraiths
  A hog (shapeshifter) (D:8)
  A steam dragon (D:8)
  An acid dragon (D:9)
  4 orc warriors
  An ice beast (D:5)
  A sky beast (D:8)
  3 ogres
  3 wolves (D:11)
  3 centaurs (D:9)
  A phantom (D:10)
  2 kobold brigands
  2 necrophages
  Blork the orc (D:6)
  A gnoll sergeant (D:6)
  A scorpion (D:6)
  2 bullfrogs
  A wight (D:8)
  6 killer bees (D:10)
  2 howler monkeys
  6 orc priests
  A gnoll bouda (D:7)
  5 hounds
  A hexer (D:11)
  3 iguanas
  6 orc wizards
  8 ogre zombies (D:10)
  7 adders
  20 gnolls
  2 white imps (D:8)
  2 worms
  4 dart slugs
  32 orcs
  3 ball pythons
  3 bats
  6 endoplasms
  2 giant cockroaches
  13 goblins
  8 hobgoblins
  2 jackals (D:1)
  3 quokkas
  3 frilled lizards
  5 goblin zombies (D:10)
  2 hobgoblin skeletons (D:10)
  A hobgoblin zombie (D:10)
  11 kobolds
  2 orc skeletons (D:10)
  14 orc zombies (D:10)
  5 rats
251 creatures vanquished.

Vanquished Creatures (collateral kills)
  Maurice (D:9)
  3 unseen horrors
  Maggie (D:8)
  A troll (D:11)
  A wraith (D:11)
  A shadow (D:11)
  2 yaks (D:8)
  A vampire (D:11)
  2 acid dragons
  3 orc warriors
  A killer bee (D:9)
  A gnoll bouda (D:8)
  A hound (D:11)
  A jelly (D:7)
  An iguana (D:6)
  5 orc wizards
  2 gnolls
  6 orcs
  A goblin zombie (D:10)
35 creatures vanquished.

Vanquished Creatures (others)
  An electric eel (D:11)
  4 hexers
  An ancestor (D:7)
  3 plants
9 creatures vanquished.

Grand Total: 295 creatures vanquished

Notes
Turn   | Place    | Note
-------+----------+-------------------------------------------
     0 | D:1      | Eitelfritz the Minotaur Gladiator began the quest for the
                  | Orb.
     0 | D:1      | Reached XP level 1. HP: 18/18 MP: 0/0
    85 | D:1      | Reached XP level 2. HP: 25/25 MP: 1/1
   151 | D:1      | Reached skill level 4 in Long Blades
   299 | D:1      | Found a faded altar of an unknown god.
   779 | D:2      | Reached XP level 3. HP: 28/30 MP: 2/2
  1093 | D:2      | Reached skill level 1 in Armour
  1093 | D:2      | Reached XP level 4. HP: 12/37 MP: 3/3
  1093 | D:2      | You fall into a shaft and drop 1 floor!
  1364 | D:3      | Found a burning altar of Makhleb.
  2547 | D:2      | Reached skill level 5 in Long Blades
  2569 | D:4      | Found Qieraq's Antique Armour Emporium.
  2591 | D:4      | Bought an agate-encrusted leather armour for 196 gold
                  | pieces
  2591 | D:4      | Identified the +4 leather armour "Durpher" {rElec rC+ rN++
                  | Dex-2} (You bought it in a shop on level 4 of the Dungeon)
  2641 | D:4      | Reached XP level 5. HP: 45/45 MP: 4/4
  2654 | D:4      | Found Yseduq's Magic Scroll Shop.
  2683 | D:4      | Bought a scroll of identify for 26 gold pieces
  2811 | D:4      | Found a basalt altar of Yredelemnul.
  2815 | D:4      | Found a sacrificial altar of Ru.
  2888 | D:4      | Noticed an ogre
  2910 | D:4      | Killed an ogre
  3244 | D:5      | Entered Level 5 of the Dungeon
  3415 | D:5      | Noticed Sigmund
  3422 | D:5      | Reached skill level 6 in Long Blades
  3422 | D:5      | Reached XP level 6. HP: 51/51 MP: 5/5
  3427 | D:5      | Killed Sigmund
  3440 | D:5      | Found a staircase to the Ecumenical Temple.
  3447 | Temple   | Entered the Ecumenical Temple
  3686 | Temple   | Became a worshipper of Hepliaklqana the Forgotten
  3799 | D:5      | Noticed an ice beast
  3820 | D:5      | Killed an ice beast
  3821 | D:5      | Reached skill level 5 in Dodging
  3821 | D:5      | Reached skill level 1 in Stealth
  3821 | D:5      | Reached XP level 7. HP: 46/59 MP: 6/6
  3918 | D:5      | Reached skill level 7 in Long Blades
  3924 | D:5      | Reached skill level 1 in Ranged Weapons
  4532 | D:4      | Bought a scroll of teleportation for 39 gold pieces
  4627 | D:6      | Reached skill level 8 in Long Blades
  4627 | D:6      | Reached XP level 8. HP: 67/67 MP: 7/7
  4796 | D:6      | Noticed a gargoyle
  4806 | D:6      | Killed a gargoyle
  4807 | D:6      | Reached skill level 5 in Fighting
  4815 | D:6      | Noticed Blork the orc
  4831 | D:6      | Killed Blork the orc
  4832 | D:6      | Reached skill level 9 in Long Blades
  5100 | D:6      | Reached * piety under Hepliaklqana
  5359 | D:6      | Found Kulimn's Elemental Accessories.
  5709 | D:7      | Reached ** piety under Hepliaklqana
  5902 | D:7      | Reached XP level 9. HP: 57/67 MP: 8/8
  6130 | D:7      | Found a broken altar of Ashenzari.
  6130 | D:7      | Found a hide-covered altar of Uskayaw.
  6350 | D:4      | Bought a scroll of immolation for 52 gold pieces
  6350 | D:4      | Bought a scroll of fog for 52 gold pieces
  6352 | D:4      | Bought a scroll of identify for 26 gold pieces
  6352 | D:4      | Bought a scroll of identify for 26 gold pieces
  6448 | D:6      | Remembered your ancestor Osbert as a hexer
  6576 | D:8      | Reached skill level 10 in Long Blades
  6605 | D:8      | Noticed Maggie
  6619 | D:8      | Killed Maggie
  6746 | D:8      | Noticed Prince Ribbit
  6764 | D:8      | Killed Prince Ribbit
  6769 | D:8      | Reached skill level 5 in Ranged Weapons
  7003 | D:8      | Killed an unseen horror
  7017 | D:8      | Reached skill level 5 in Armour
  7078 | D:8      | Reached skill level 11 in Long Blades
  7147 | D:8      | Noticed an orange demon
  7150 | D:8      | Noticed Amaemon
  7155 | D:8      | Reached XP level 10. HP: 70/77 MP: 9/9
  7200 | D:8      | Killed Amaemon
  7220 | D:8      | Killed an orange demon
  7730 | D:8      | Identified 4 scrolls of acquirement
  7730 | D:8      | Acquired 671 gold pieces
  8066 | D:4      | Bought a glowing troll leather armour for 504 gold pieces
  8134 | D:4      | Bought a scroll of identify for 26 gold pieces
  8792 | D:9      | Reached skill level 12 in Long Blades
  8975 | D:9      | Noticed Maurice
  8977 | D:9      | Paralysed by Maurice for 2 turns
  9020 | D:9      | Killed Maurice
  9520 | D:9      | Reached *** piety under Hepliaklqana
 10085 | D:9      | Acquired 798 gold pieces
 10090 | D:10     | Entered Level 10 of the Dungeon
 10090 | D:10     | Found a shimmering blue altar of Sif Muna.
 10356 | D:10     | Reached XP level 11. HP: 65/85 MP: 10/10
 10362 | D:10     | Found a staircase to the Orcish Mines.
 10491 | D:10     | Reached skill level 1 in Invocations
 11145 | D:10     | Reached skill level 13 in Long Blades
 11320 | D:10     | Found an ornate altar of the Wu Jian Council.
 11365 | D:10     | Found an iron altar of Okawaru.
 11521 | D:10     | Acquired 734 gold pieces
 11622 | D:11     | Noticed a red ugly thing
 11638 | D:11     | Killed a red ugly thing
 11708 | D:11     | Found Xuohy's Self-Improvement Boutique.
 11716 | D:11     | Bought a manual of Long Blades for 880 gold pieces
 11732 | D:11     | Noticed a two-headed ogre
 11744 | D:11     | Killed a two-headed ogre
 11759 | D:11     | Noticed Gastronok
 11865 | D:11     | Killed Gastronok
 11866 | D:11     | Reached skill level 14 in Long Blades
 11927 | D:11     | Found a staircase to the Lair.
 11988 | D:11     | Reached skill level 10 in Fighting
 12124 | D:11     | Reached **** piety under Hepliaklqana
 12409 | D:11     | Acquired an amulet of regeneration
 12436 | D:12     | HP: 4/89 [meliai/divine providence (12)]
 12437 | D:12     | Slain by a meliai

Illustrated notes

Levels and vault maps discovered:
D:1:      dpeg_arrival_rooms_c, layout_rooms,
          dreamdust_ecumenical_altar_hidden_monk_grotto
D:2:      layout_basic
D:3:      kennysheep_the_goblin_king, layout_loops_ring, amcnicky_altar_gilded,
          skrybe_limestone_x
D:4:      layout_loops_ring, nicolae_overflow_squiral, serial_shops,
          nicolae_shop_overgrown_old_shop, nicolae_lakefront_shop
D:5:      layout_basic, minmay_temple_entry_hall, uniq_sigmund
D:6:      layout_gridville, st_stairs_13, nicolae_elemental_shop,
          chequers_serial_rivers_micro_e, hangedman_decor_growths,
          hangedman_decor_opposing, uniq_blork_the_orc
D:7:      layout_loops_ring, amethyst_overflow_temple_binary
D:8:      minmay_chambers_of_sixes, layout_basic, uniq_amaemon,
          uniq_prince_ribbit1, uniq_maggie
D:9:      layout_grid_maze, kennysheep_generic_room_6, uniq_maurice
D:10:     layout_loops_ring, lemuel_round_altar, mainiacjoe_overflow_catwalk,
          overflow_temple_1_default, zombieorc2_lemuel
D:11:     layout_irregular_city, erik_lair_island, nicolae_shop_self_help,
          uniq_gastronok
D:12:     layout_basic, nicolae_fountain_basement
Temple:   dpeg_chambers_temple

Skill      XL: |  1  2  3  4  5  6  7  8  9 10 11 |
---------------+----------------------------------+-----
Long Blades    | 4 5 6 8 9 11 12 14 | 14.3
Dodging        | 4 5 6 7 8 |  8.1
Armour         | 1 2 3 4 5 6 |  6.9
Fighting       | 3 4 6 7 8 10 | 10.0
Stealth        | 1 2 3 4 |  4.8
Ranged Weapons | 1 2 5 7 |  7.6
Throwing       | 3 |  3.7
Invocations    | 4 |  4.0

Action                   |  1- 3 |  4- 6 |  7- 9 | 10-12 || total
-------------------------+-------+-------+-------+-------++-------
Melee: Long sword        |    71 |   111 |   207 |    64 ||   453
       Headbutt          |     9 |    21 |    55 |   122 ||   207
       Punch             |       |       |     2 |     3 ||     5
       Scimitar          |       |       |       |   333 ||   333
 Fire: Sling             |       |     3 |       |       ||     3
       Shortbow          |       |       |    45 |    60 ||   105
Throw: Dart              |       |     4 |     7 |       ||    11
       Throwing net      |       |     2 |     2 |     3 ||     7
       Javelin           |       |       |     1 |       ||     1
Invok: Ancestor Life: He |       |       |     1 |       ||     1
       Recall Ancestor   |       |       |       |     1 ||     1
  Use: Scroll            |       |     9 |     1 |    19 ||    29
       Potion            |       |       |       |     5 ||     5
 Stab: Sleeping          |       |     1 |       |     1 ||     2
       Held in net/web   |       |     1 |     1 |     4 ||     6
       Confused          |       |       |     6 |     8 ||    14
       Distracted        |       |       |       |     3 ||     3
Armor: Leather armour    |    24 |    40 |    33 |       ||    97
       Swamp dragon scal |       |       |     8 |    65 ||    73
       Troll leather arm |       |       |       |    36 ||    36
Dodge: Dodged            |    49 |    66 |   148 |   241 ||   504
